 Dungeon Crawl Stone Soup version 0.29.1-4-g47bece8355 (webtiles) character file.

Game seed: 9708171690735747307

1 javelincjr the Caller (level 1, -3/10 HPs)
             Began as a Deep Elf Summoner on Dec 2, 2022.
             Slain by a kobold
             ... wielding a +0 short sword
              (4 damage)
             ... on level 1 of the Dungeon.
             The game lasted 00:01:03 (30 turns).

javelincjr the Caller (Deep Elf Summoner)             Turns: 30, Time: 00:01:03

Health: -3/10      AC:  2    Str:  5    XL:     1   Next: 16%
Magic:  4/6        EV: 12    Int: 19    God:
Gold:   0          SH:  0    Dex: 15    Spells: 5/6 levels left

rFire   . . .      SeeInvis .   (no weapon)
rCold   . . .      Faith    .   (no shield)
rNeg    . . .      Spirit   .   a - +0 robe
rPois   .          Reflect  .   (no helmet)
rElec   .          Harm     .   (no cloak)
rCorr   .          Rampage  .   (no gloves)
Will    .....                   (no boots)
Stlth   ++........              (no amulet)
HPRegen 0.03/turn               (no ring)
MPRegen 0.10/turn               (no ring)

@: no status effects
A: no striking features
a: no special abilities


You were on level 1 of the Dungeon.
You visited 1 branch of the dungeon, and saw 1 of its levels.

Inventory:

Armour
 a - a +0 robe (worn)
Potions
 b - a potion of magic


   Skills:
 + Level 2.4 Dodging
 + Level 2.4 Stealth
 + Level 3.0 Spellcasting
 + Level 4.4 Summonings


You had 5 spell levels left.
You knew the following spells:

 Your Spells              Type           Power      Damage    Failure   Level
a - Summon Small Mammal   Summ           76%        N/A       2%          1

Your spell library contained the following spells:

 Spells                   Type           Power      Damage    Failure   Level
 Call Imp                 Summ           19%        N/A       3%          2
 Call Canine Familiar     Summ           19%        N/A       8%          3
 Summon Guardian Golem    Hex/Summ       11%        N/A       19%         3
 Summon Lightning Spire   Summ/Air       11%        N/A       52%         4


Dungeon Overview and Level Annotations

Branches:
Dungeon (1/15)

Altars:


Message History

Your bat disappears in a puff of smoke!
The goblin hits your rat with a +0 dagger.
There are monsters nearby!
Your quokka closely misses the goblin.
The goblin hits your rat with a +0 dagger.
Your rat dies!
Your rat's corpse disappears in a puff of smoke!
Casting: Summon Small Mammal (safe; 2% risk of failure)
Confirm with . or Enter, or press ? or * to list all spells.
Your quokka barely misses the goblin.
Your quokka closely misses the kobold.
Your quokka barely misses the kobold.
The goblin barely misses your bat.
Your bat hits the goblin. Your bat misses the kobold. Your bat hits the goblin.
The goblin dies!
The kobold throws a stone.
The stone barely misses you.
Your bat hits the kobold but does no damage.
Your quokka closely misses the kobold.
You hit the kobold but do no damage. Your bat misses the kobold.
The kobold barely misses you.
You closely miss the kobold.
Your bat closely misses the kobold.
Your quokka misses the kobold. The kobold closely misses you.
Your quokka closely misses the kobold.
You hit the kobold.
The kobold is moderately wounded.
Your bat closely misses the kobold.
The quokka bites you.
Your quokka closely misses the kobold.
The kobold hits you but does no damage.
You hit the kobold.
The kobold is moderately wounded.
Your bat barely misses the kobold.
The quokka closely misses you.
Your quokka closely misses the kobold.
The kobold barely misses you. The quokka attacks as you move away!
The quokka closely misses you.
Your quokka barely misses the kobold.
Your bat misses the kobold.
Your quokka closely misses the kobold.
The quokka bites you.
Ouch! That really hurt!
* * * LOW HITPOINT WARNING * * *
Your bat hits the kobold but does no damage.
The kobold hits you with a +0 short sword.
You die...

##.# ......### .#.#
..........
.#.#######........#
...##....##.......###
......##............
.....####..........#
.....##.##.........#
##.....##.....b..#
..#........)..rK@#
<.##............r#
..#..............#
##.....##........#
...##.##......## ...#
##..#....#
....##...#.[>...
........(##......
#..#..# .........


You could see a quokka, a kobold (ally target), a friendly quokka (summoned) and
a friendly bat (summoned).

Vanquished Creatures (collateral kills)
  A goblin (D:1)
1 creature vanquished.

Notes
Turn   | Place    | Note
-------+----------+-------------------------------------------
     0 | D:1      | javelincjr the Deep Elf Summoner began the quest for the
                  | Orb.
     0 | D:1      | Reached XP level 1. HP: 10/10 MP: 6/6
    30 | D:1      | Slain by a kobold

Illustrated notes

Levels and vault maps discovered:
D:1:      erik_arrival_blinker_ship, layout_basic,
          shapermc_ecumenical_altar_ellora

Action                   || total
-------------------------++-------
Melee: Unarmed           ||     4
 Cast: Summon Small Mamm ||     5
Armor: Robe              ||     1
Dodge: Dodged            ||     6
